 Dungeon Crawl Stone Soup version 0.29.1-1-gd02db6906a (webtiles) character file.

Game seed: 8302909074330802444

52 fireball365 the Digger (level 3, -10/26 HPs)
             Began as a Demigod Earth Elementalist on Oct 5, 2022.
             Mangled by Crazy Yiuf
             ... wielding a +4 quarterstaff of chaos
              (12 damage)
             ... on level 2 of the Dungeon.
             The game lasted 00:08:32 (1899 turns).

fireball365 the Digger (Demigod Earth Elementalist) Turns: 1899, Time: 00:08:33

Health: -10/26     AC:  5    Str: 13    XL:     3   Next: 39%
Magic:  9/9        EV: 11    Int: 17    God:
Gold:   149        SH:  0    Dex: 14    Spells: 6/7 levels left

rFire   . . .      SeeInvis .   h - +0 long sword
rCold   . . .      Faith    .   (no shield)
rNeg    . . .      Spirit   .   g - +0 ring mail
rPois   .          Reflect  .   (no helmet)
rElec   .          Harm     .   (no cloak)
rCorr   .          Rampage  .   (no gloves)
Will    .....                   (no boots)
Stlth   +.........              (no amulet)
HPRegen 0.08/turn               (no ring)
MPRegen 0.11/turn               (no ring)

@: lethally poisoned (-10 -> -18)
A: high MP 1, forlorn, divine attributes
a: no special abilities


You were on level 2 of the Dungeon.
You visited 1 branch of the dungeon, and saw 2 of its levels.

You collected 149 gold pieces.

Inventory:

Hand Weapons
 d - a +2 antimagic dagger
 h - a +0 long sword (weapon)
 i - a +0 mace
Armour
 g - a +0 ring mail (worn)
Scrolls
 a - a scroll of immolation {unknown}
 c - 4 scrolls of identify
Potions
 b - a potion of magic
 l - a potion of degeneration


   Skills:
 + Level 0.1 Fighting
 + Level 0.6 Long Blades
 + Level 1.9 Dodging
 + Level 1.7 Stealth
 + Level 2.5 Spellcasting
 + Level 0.8 Transmutations
 + Level 3.3 Earth Magic


You had 6 spell levels left.
You knew the following spells:

 Your Spells              Type           Power      Damage    Failure   Level
a - Sandblast             Erth           26%        2d8       10%         1

Your spell library contained the following spells:

 Spells                   Type           Power      Damage    Failure   Level
 Passwall                 Tmut/Erth      7%         N/A       26%         2
 Stone Arrow              Conj/Erth      14%        3d7       52%         3
 Petrify                  Tmut/Erth      9%         N/A       86%         4


Dungeon Overview and Level Annotations

Branches:
Dungeon (2/15)

Annotations:
D:2 Crazy Yiuf


Innate Abilities, Weirdness & Mutations

You have an increased reservoir of magic. (+10% MP)
You shall have no god before yourself.
Your divine heritage dramatically boosts your attributes as you level up.


Message History

A ball python comes into view.
The blast of sand hits the worm but does no damage.
The blast of sand hits the worm!
The worm is severely wounded.
The blast of sand hits the worm.
The worm is severely wounded.
The worm bites you but does no damage.
You slash the worm!
You kill the worm!
You can't see any susceptible monsters within range! (Use Z to cast anyway.)
The blast of sand hits the ball python!
You kill the ball python!
A ball python comes into view.
The blast of sand hits the ball python!
You kill the ball python!
You can't see any susceptible monsters within range! (Use Z to cast anyway.)
An endoplasm comes into view.
The endoplasm quivers.
The blast of sand hits the endoplasm!
You kill the endoplasm!
Found a hammer.
Found a runed translucent door.
Crazy Yiuf shouts!
You open the door. You hit Crazy Yiuf.
Crazy Yiuf is lightly wounded.
Crazy Yiuf whimpers, "Pitchfork alas head!"
Crazy Yiuf hits you with a +4 quarterstaff of chaos.
You are poisoned.
You slash Crazy Yiuf!
Crazy Yiuf is heavily wounded.
You feel very sick. Crazy Yiuf closely misses you.
Crazy Yiuf hits you with a +4 quarterstaff of chaos!
* * * LOW HITPOINT WARNING * * *
You hit Crazy Yiuf.
Crazy Yiuf is heavily wounded.
* * * LOW HITPOINT WARNING * * *
You feel very sick.
Crazy Yiuf hits you with a +4 quarterstaff of chaos!
You die...

* ###.###..#
**,* *
#.....#,.# *,,*
###.....##.#
****
...........#
#####
###..#..####
#)..#
**#..#.....#
#...#
*....#....##
*...*
#.#######..#
*#g#*
#.,.,#....##
#@##
.**#J#.####
##.# #.##.#.#
#.## #......#
##.# #.####.#
##.## ,** #.#
##...# ** #.#
#....# * #.####
#....#
#....#####....#


You could see Crazy Yiuf.

Vanquished Creatures
  A worm (D:2)
  A dart slug (D:1)
  An orc (D:2)
  4 ball pythons
  A bat (D:2)
  7 endoplasms
  2 giant cockroaches (D:1)
  4 goblins (D:1)
  6 hobgoblins (D:1)
  4 kobolds
  2 quokkas (D:1)
  3 frilled lizards (D:1)
  5 rats
41 creatures vanquished.

Notes
Turn   | Place    | Note
-------+----------+-------------------------------------------
     0 | D:1      | fireball365 the Demigod Earth Elementalist began the quest
                  | for the Orb.
     0 | D:1      | Reached XP level 1. HP: 14/14 MP: 5/5
   240 | D:1      | Reached skill level 3 in Earth Magic
   240 | D:1      | Reached XP level 2. HP: 5/20 MP: 0/7
  1049 | D:1      | Reached XP level 3. HP: 26/26 MP: 7/9
  1892 | D:2      | Found a runed translucent door.
  1893 | D:2      | Noticed Crazy Yiuf
  1899 | D:2      | Mangled by Crazy Yiuf

Illustrated notes

Levels and vault maps discovered:
D:1:      matt_arrival_grand_opening, layout_basic, roderic_roman_lattice
D:2:      layout_loops_ring, hellmonk_ecumenical_altar_zigzags,
          uniq_crazy_yiuf_cottage, uniq_terence

Skill      XL: |  1 |
---------------+----+-----
Spellcasting   | 2 |  2.5
Earth Magic    | 3 |  3.3
Fighting       | |  0.1
Long Blades    | |  0.6
Dodging        | |  1.9
Stealth        | |  1.7
Transmutations | |  0.8

Action                   || total
-------------------------++-------
Melee: Dagger            ||     5
       Long sword        ||    24
       Punch             ||     1
 Cast: Sandblast         ||    52
  Use: Potion            ||     1
       Scroll            ||     5
Armor: Robe              ||     2
       Ring mail         ||     9
       Leather armour    ||     1
Dodge: Dodged            ||    30
